 Dungeon Crawl Stone Soup version 0.30-a0-364-gf6b3ef1049 (webtiles) character file.

Game seed: 4785091456010159576

13449 oldriver the Thaumaturge (level 11, 0/83 HPs)
             Began as a Mummy Necromancer on Nov 15, 2022.
             Was a High Priest of Hepliaklqana.
             Slain by a culicivora (15 damage)
             ... on level 3 of the Lair of Beasts.
             The game lasted 00:27:55 (16402 turns).

oldriver the Thaumaturge (Mummy Necromancer)       Turns: 16402, Time: 00:27:55

Health: 0/83       AC:  8    Str: 11    XL:     11   Next: 75%
Magic:  1/28       EV: 12    Int: 20    God:    Hepliaklqana [*****.]
Gold:   902        SH:  0    Dex: 12    Spells: 21/37 levels left

rFire   . . .      SeeInvis .    g - +6 dagger (drain)
rCold   + . .      Faith    +    (no shield)
rNeg    + + +      Spirit   .    a - +0 robe
rPois   ∞          Reflect  .    m - +0 helmet
rElec   .          Harm     .    f - +2 cloak
rCorr   .          Rampage  .    (no gloves)
Will    +....                    u - +1 pair of boots
Stlth   ++........               (no amulet)
HPRegen 0.33/turn                e - ring of protection from fire
MPRegen 0.21/turn                (no ring)

@: no status effects
A: reduced essence, cold resistance 1, negative energy resistance 3, torment
resistance 2, heat vulnerability 1, in touch with death 1, no potions, faith
a: Renounce Religion, Recall Ancestor, Ancestor Identity, Transference, Idealise


You were on level 3 of the Lair of Beasts.
You worshipped Hepliaklqana.
Hepliaklqana was extremely pleased with you.
You visited 3 branches of the dungeon, and saw 12 of its levels.
You also visited: Sewer and Ossuary.

You collected 902 gold pieces.

Inventory:

Hand Weapons
 g - a +6 dagger of draining (weapon)
 l - a +2 sling of flaming
Armour
 a - a +0 robe (worn)
 f - a +2 cloak (worn)
 j - the +1 helmet of the Eleven Suns {-Tele rPois MP+9}
   (You found it on level 7 of the Dungeon)

   rPois:     It protects you from poison.
   MP:        It affects your magic capacity (+9).
   -Tele:     It prevents most forms of teleportation.
 m - a +0 helmet (worn)
 u - a +1 pair of boots (worn)
Jewellery
 b - a +4 ring of protection
 c - the amulet "Soludghateu" {Faith Contam MP+9 Dex+3 Stlth+}
   (You found it on level 3 of the Lair of Beasts)

   [amulet of faith]

   It allows you to gain divine favour quickly.
   Dex:       It affects your dexterity (+3).
   MP:        It affects your magic capacity (+9).
   Contam:    It causes magical contamination when unequipped.
   Stlth:     It makes you more stealthy.
 e - a ring of protection from fire (left hand)
 t - an amulet of reflection
Wands
 h - a wand of mindburst (30)
 k - a wand of flame (46)
Scrolls
 d - 2 scrolls of amnesia
 i - 4 scrolls of butterflies
 n - 3 scrolls of teleportation
 o - 3 scrolls of noise
 p - 4 scrolls of identify
 q - a scroll of torment
 r - 2 scrolls of vulnerability
 s - a scroll of brand weapon


   Skills:
 + Level 11.3 Fighting
 - Level 3.0 Armour
 - Level 3.0 Dodging
 - Level 3.0 Stealth
 + Level 13.7 Spellcasting
 + Level 4.7 Necromancy
 - Level 7.0 Air Magic


You had 21 spell levels left.
You knew the following spells:

 Your Spells              Type           Power      Damage    Failure   Level
a - Necrotise             Necr           100%       1d9       1%          1
b - Vampiric Draining     Necr           48%        2d9       1%          3
c - Animate Dead          Necr           48%        N/A       7%          4
d - Shock                 Conj/Air       100%       1d9       1%          1
e - Swiftness             Air            41%        N/A       1%          3
p - Airstrike             Air            20%        2d(3-19)  2%          4

Your spell library contained the following spells:

 Spells                   Type           Power      Damage    Failure   Level
 Apportation              Tloc           26%        N/A       4%          1
 Summon Small Mammal      Summ           52%        N/A       4%          1
 Kindle Blastsparks       Fire/Tloc/Air  46%        2d13      5%          3
 Agony                    Necr           48%        N/A       19%         5
 Fulminant Prism          Conj/Hex       6%         3d7       43%         4
 Iskenderun's Mystic Bla  Conj/Tloc      13%        2d5       43%         4
 Lee's Rapid Deconstruct  Erth           6%         3d6*      78%         5


Dungeon Overview and Level Annotations

Branches:
Dungeon (8/15)             Temple (1/1) D:4            Lair (3/5) D:8
  Swamp (0/4) Lair:2        Sewer (visited)         Ossuary (visited)
  Snake: Lair:2-3    Spider: Lair:2-3

Altars:
Ashenzari
Cheibriados
Dithmenos
Fedhas
Gozag
Hepliaklqana
Kikubaaqudgha
Nemelex Xobeh
Okawaru
Qazlal
Ru
Sif Muna
Trog
Uskayaw
Vehumet
Wu Jian
Xom
Yredelemnul

Portals:
Abyss: Lair:2

Annotations:
D:5 3 runed translucent doors, SleepySteel's ghost, amateur DgIE
Temple 4 transporters
Lair:2 2 transporters, pigah's ghost, journeyman OpWn


Innate Abilities, Weirdness & Mutations

Your life essence is reduced to manifest your ancestor. (-10% HP)
You are immune to poison.
Your flesh is cold resistant. (rC+)
You are immune to negative energy. (rN+++)
You are immune to unholy pain and torment.
You are vulnerable to heat. (rF-)
You are in touch with the powers of death.
You do not drink.
You have a special connection with the divine. (Faith)


Message History

Aim: a wolf spider (severely wounded)
You feel a surge of power!
You draw life force from the wolf spider!
You feel life coursing into your body.
Gaius hits the redback with a +0 flail.
The wolf spider hits you but does no damage.
The wolf spider bites you! The redback bites you!
* * * LOW HITPOINT WARNING * * *
Casting: Vampiric Draining (mildly dangerous; 2% risk of failure)
Confirm with . or Enter, or press ? or * to list all spells.
Aiming: Vampiric Draining (mildly dangerous; 2% risk of failure)
Press: ? - help, Shift-Dir - straight line, f/p - wolf spider
Aim: a wolf spider (almost dead)
You feel a surge of power!
You draw life force from the wolf spider!
You kill the wolf spider!
You feel life coursing into your body.
The redback bites you but does no damage.
Gaius hits the redback with a +0 flail!
The culicivora completely misses you. The redback bites you!
* * * LOW HITPOINT WARNING * * *
Casting: Vampiric Draining (safe; 1% risk of failure)
Confirm with . or Enter, or press ? or * to list all spells.
Aiming: Vampiric Draining (safe; 1% risk of failure)
Press: ? - help, Shift-Dir - straight line, f - culicivora
Aim: a culicivora You feel a surge of power!
You draw life force from the culicivora!
You feel life coursing into your body.
Gaius hits the redback with a +0 flail!
The redback dies!
The culicivora bites you but does no damage.
Casting: Vampiric Draining (safe; 1% risk of failure)
Confirm with . or Enter, or press ? or * to list all spells.
You don't have enough magic to cast this spell.
Unknown command.
You puncture the culicivora!
The culicivora is heavily wounded.
The culicivora bites you but does no damage.
Gaius hits the culicivora with a +0 flail!
The culicivora bites you!
You die...

..###.# ########## #....+...
......# ##### ##....#### ......#
. #P#.####.....## ......## ..
#.............# ## .......##.^.
##..................
........#^^^. #..................
........###^^?##.................
...#..#...##^^^##............###.
#.##.###...##..s@..#...#......##.
.###.##.....#..†R#.##.##.........
# #........>...........#.........
#..##.......##......##.........
#....##......##............#....
##..#.#......#.....P.#..........
#####.............P.#.....#....
##.###...............^....### #
.##P..#.....................#.###


You could see the friendly Gaius the knight and a culicivora (ally target).

Vanquished Creatures
  A two-headed ogre (D:8)
  A wolf spider (Lair:3)
  5 cane toads
  A komodo dragon (Lair:2)
  A troll (D:8)
  A polar bear (Lair:2)
  Prince Ribbit (D:7)
  A hornet (D:7)
  Sigmund (D:3)
  7 yaks
  3 wyverns
  A steam dragon (D:8)
  6 vampire mosquitoes (Lair:2)
  2 basilisks
  5 water moccasins
  A swamp worm (shapeshifter) (D:8)
  Duvessa (D:4)
  An ice beast (D:6)
  A sky beast (D:7)
  3 black bears
  2 centaurs
  4 kobold brigands
  8 bullfrogs
  2 necrophages
  3 scorpions
  A water moccasin zombie (Ossuary)
  Dowan (D:4)
  A killer bee (D:8)
  An electric eel (Lair:2)
  A jelly (D:6)
  A centaur zombie (Ossuary)
  An orc priest (D:7)
  6 hounds
  2 iguanas
  A scorpion zombie (Ossuary)
  An orc wizard (D:3)
  3 hell rats (Lair:1)
  An ogre zombie (Ossuary)
  Robin (D:3)
  10 adders
  13 river rats
  A shadow imp (D:8)
  A white imp (D:6)
  2 ufetubi
  An adder zombie (Ossuary)
  4 worms
  5 dart slugs
  11 orcs
  7 ball pythons
  6 bats
  An endoplasm (D:2)
  4 giant cockroaches
  3 gnoll zombies (Ossuary)
  7 goblins
  9 hobgoblins
  8 jackals
  13 kobolds
  12 quokkas
  5 frilled lizards
  3 goblin zombies (Ossuary)
  3 hobgoblin zombies (Ossuary)
  2 orc zombies (Ossuary)
  14 rats
230 creatures vanquished.

Vanquished Creatures (collateral kills)
  A cane toad (Lair:1)
  A rime drake (Lair:3)
  A troll (D:8)
  A polar bear (Lair:2)
  6 yaks
  Eustachio (D:6)
  A basilisk (Lair:2)
  A redback (Lair:3)
  A black bear (D:8)
  4 orc warriors (D:8)
  An ogre (D:6)
  A kobold brigand (D:6)
  A gnoll sergeant (D:8)
  2 bullfrogs (D:8)
  A scorpion (Ossuary)
  A water moccasin zombie (Ossuary)
  6 wights
  An orc priest (D:7)
  A gnoll bouda (D:8)
  An orc wizard (D:8)
  2 hell rats (Lair:1)
  A scorpion zombie (Ossuary)
  A mummy (Ossuary)
  An adder (D:6)
  3 river rats (Lair:1)
  A white imp (D:6)
  2 orcs
  A ball python (Sewer)
  2 endoplasms
  A giant cockroach (D:3)
  A jackal (Sewer)
  6 kobolds
  4 quokkas
  A frilled lizard (Sewer)
  2 goblin zombies (Ossuary)
  A hobgoblin zombie (Ossuary)
  3 orc zombies (Ossuary)
  3 rats
70 creatures vanquished.

Vanquished Creatures (others)
  A wyvern zombie (D:8)
  A water moccasin zombie (Lair:2)
  A polar bear zombie (Lair:2)
  2 bullfrog zombies (D:8)
  A black bear zombie (Lair:2)
  A killer bee zombie (D:8)
  6 knights
  2 hell rat zombies (Lair:1)
  An ancestor (D:6)
  A human zombie (D:6)
  A gnoll zombie (D:8)
  A river rat zombie (Lair:1)
  7 kobold zombies
  2 orc zombies
  3 quokka zombies (Lair:1)
  2 rat zombies (Lair:1)
  22 fungi
  39 plants
94 creatures vanquished.

Grand Total: 394 creatures vanquished

Notes
Turn   | Place    | Note
-------+----------+-------------------------------------------
     0 | D:1      | oldriver the Mummy Necromancer began the quest for the Orb.
     0 | D:1      | Reached XP level 1. HP: 13/13 MP: 4/4
   329 | D:1      | Reached skill level 3 in Spellcasting
   573 | D:1      | Reached skill level 1 in Fighting
   683 | D:1      | Reached XP level 2. HP: 18/21 MP: 1/6
  1105 | D:2      | Gained mutation: You are in touch with the powers of death.
                  | [Mummy growth]
  1105 | D:2      | Reached XP level 3. HP: 25/27 MP: 5/8
  1710 | D:3      | Reached skill level 4 in Spellcasting
  1724 | D:3      | Noticed Sigmund
  1762 | D:3      | Noticed Robin
  1806 | D:2      | Learned a level 3 spell: Vampiric Draining
  1886 | D:2      | Reached XP level 4. HP: 26/34 MP: 3/10
  2093 | D:3      | Found a glowing drain.
  2130 | Sewer    | Entered a sewer
  2198 | Sewer    | Noticed a kobold brigand
  2231 | Sewer    | Killed a kobold brigand
  2232 | Sewer    | Reached skill level 5 in Spellcasting
  2232 | Sewer    | Reached XP level 5. HP: 32/41 MP: 1/12
  3185 | D:3      | Reached XP level 6. HP: 46/48 MP: 7/14
  3256 | D:4      | Noticed Duvessa
  3256 | D:4      | Noticed Dowan
  3323 | D:3      | Found a hazy altar of Hepliaklqana.
  3562 | D:3      | Killed Robin
  3683 | D:3      | Found a faded altar of an unknown god.
  3702 | D:3      | Reached skill level 6 in Spellcasting
  3834 | D:3      | Killed Sigmund
  3970 | D:4      | Reached skill level 5 in Fighting
  3970 | D:4      | Reached XP level 7. HP: 42/56 MP: 3/17
  4187 | D:4      | Killed Duvessa
  4188 | D:4      | Reached skill level 7 in Spellcasting
  4195 | D:4      | Killed Dowan
  4423 | D:4      | Found a shadowy altar of Dithmenos.
  4751 | D:4      | Found a staircase to the Ecumenical Temple.
  4800 | D:4      | Found a snail-covered altar of Cheibriados.
  4873 | Temple   | Entered the Ecumenical Temple
  4873 | Temple   | Found a transporter.
  4873 | Temple   | Found a transporter.
  4875 | Temple   | Found a transporter.
  4875 | Temple   | Found a transporter.
  4984 | D:3      | Became a worshipper of Hepliaklqana the Forgotten
  5191 | D:5      | Entered Level 5 of the Dungeon
  5210 | D:5      | Reached skill level 8 in Spellcasting
  5217 | D:5      | Learned a level 4 spell: Animate Dead
  5430 | D:5      | Found a runed translucent gate.
  5430 | D:5      | Found a runed translucent gate.
  5431 | D:5      | Found a runed translucent gate.
  5433 | D:5      | Noticed SleepySteel's ghost (amateur DgIE)
  5852 | D:5      | Reached XP level 8. HP: 59/64 MP: 12/20
  6149 | D:6      | Reached skill level 1 in Armour
  6174 | D:6      | Reached * piety under Hepliaklqana
  6185 | D:6      | Found a sand-covered staircase.
  6267 | Ossuary  | Entered an ossuary
  6840 | Ossuary  | Noticed a silent spectre
  7066 | D:6      | Noticed Eustachio
  7095 | D:6      | Killed Eustachio
  7096 | D:6      | Reached skill level 9 in Spellcasting
  7306 | D:6      | Your ally Eustachio died
  7323 | D:6      | Reached XP level 9. HP: 14/64 MP: 17/22
  7489 | D:6      | Learned a level 1 spell: Shock
  7493 | D:6      | Learned a level 3 spell: Swiftness
  7498 | D:6      | Learned a level 4 spell: Airstrike
  8251 | D:7      | Reached skill level 1 in Air Magic
  8321 | D:7      | Reached ** piety under Hepliaklqana
  8324 | D:7      | Remembered your ancestor Gaius as a knight
  8385 | D:7      | Noticed Prince Ribbit
  8397 | D:7      | Killed Prince Ribbit
  8398 | D:7      | Reached skill level 10 in Spellcasting
  8402 | D:7      | Identified the +1 helmet of the Eleven Suns {-Tele rPois
                  | MP+9}
  9652 | D:8      | Reached XP level 10. HP: 27/73 MP: 18/24
  9913 | D:8      | Found a staircase to the Lair.
  9924 | D:8      | Reached skill level 11 in Spellcasting
 10279 | D:8      | Reached *** piety under Hepliaklqana
 10602 | D:8      | Noticed a cane toad
 10605 | D:8      | a cane toad changed into a blink frog
 11083 | D:8      | Reached skill level 5 in Air Magic
 11102 | D:8      | Noticed a two-headed ogre
 11115 | D:8      | Killed a two-headed ogre
 11116 | D:8      | Reached skill level 12 in Spellcasting
 11261 | Lair:1   | Entered Level 1 of the Lair of Beasts
 11262 | Lair:1   | Noticed a cane toad
 11265 | Lair:1   | Killed a cane toad
 11842 | Lair:1   | Reached skill level 10 in Fighting
 11918 | Lair:1   | Noticed a cane toad
 11924 | Lair:1   | Noticed a cane toad
 11930 | Lair:1   | Killed a cane toad
 11932 | Lair:1   | Killed a cane toad
 12071 | Lair:1   | Reached XP level 11. HP: 81/81 MP: 7/27
 13690 | Lair:2   | Noticed a hell hog
 13691 | Lair:2   | Noticed a sixfirhy
 13692 | Lair:2   | Noticed a hell hog
 13693 | Lair:2   | Found a transporter.
 13744 | Lair:2   | Found a transporter.
 13905 | Lair:2   | Reached **** piety under Hepliaklqana
 14282 | Lair:2   | Reached skill level 13 in Spellcasting
 15113 | Lair:2   | Found a staircase to the Swamp.
 15178 | Lair:2   | Noticed pigah's ghost (journeyman OpWn)
 15212 | Lair:2   | Found a one-way gate to the infinite horrors of the Abyss.
 16001 | Lair:3   | Reached ***** piety under Hepliaklqana
 16227 | Lair:3   | Identified the amulet "Soludghateu" {Faith Contam MP+9
                  | Dex+3 Stlth+}
 16392 | Lair:3   | Noticed a wolf spider
 16400 | Lair:3   | Killed a wolf spider
 16402 | Lair:3   | Slain by a culicivora

Illustrated notes

Levels and vault maps discovered:
D:1:      minmay_arrival_hallway, layout_loops_ring
D:2:      layout_loops_ring
D:3:      layout_rooms, lemuel_doored_altar,
          hellmonk_ecumenical_altar_inner_sanctum, portal_sewer_entry_f,
          uniq_sigmund, uniq_robin
D:4:      layout_rooms, mainiacjoe_overflow_six_doors_small, slow_altar_2,
          minmay_temple_entry_fiery, uniq_duvessa
D:5:      layout_loops_cross, gammafunk_ghost_necromancy
D:6:      minmay_spotlight, layout_cave_pools, nicolae_ossuary_entry_plus,
          uniq_eustachio
D:7:      layout_basic, uniq_prince_ribbit1
D:8:      minmay_slanted_spiral_squares, layout_rooms,
          grunt_lair_entry_orc_guard_hut, serial_bayou_pond_e, minmay_holes
Temple:   hellmonk_temple_divided_pantheon
Lair:1:   lemuel_ratsnest, layout_regular_city
Lair:2:   layout_roguey, minmay_swamp_entry_swarm,
          gammafunk_ghost_abyssal_escape, minivault_19
Lair:3:   layout_regular_city, spider_nest_entry_funnel_web,
          infiniplex_staircase_pool

Skill      XL: |  1  2  3  4  5  6  7  8  9 10 11 |
---------------+----------------------------------+-----
Spellcasting   | 3 4 5 6 8 9 10 12 13 | 13.7
Fighting       | 1 2 3 4 5 6 7 8 10 11 | 11.3
Stealth        | 3 |  3.0
Armour         | 2 3 |  3.0
Dodging        | 3 |  3.0
Air Magic      | 3 5 7 |  7.0
Necromancy     | |  4.7

Action                   |  1- 3 |  4- 6 |  7- 9 | 10-12 || total
-------------------------+-------+-------+-------+-------++-------
Melee: Unarmed           |     7 |    28 |       |       ||    35
       Dagger            |       |     3 |   138 |    41 ||   182
       Punch             |       |       |     2 |     1 ||     3
 Cast: Necrotise         |    65 |    99 |   154 |   105 ||   423
       Vampiric Draining |       |    10 |    33 |     9 ||    52
       Animate Dead      |       |       |     4 |    12 ||    16
       Airstrike         |       |       |       |   147 ||   147
Invok: Recall Ancestor   |       |       |     1 |     1 ||     2
       Ancestor Life: Kn |       |       |     1 |       ||     1
Evoke: Wand              |       |       |     4 |       ||     4
  Use: Scroll            |       |       |    15 |    10 ||    25
 Stab: Sleeping          |       |       |     2 |       ||     2
       Distracted        |       |       |     1 |       ||     1
Armor: Robe              |    15 |    11 |    98 |    28 ||   152
Dodge: Dodged            |    45 |    68 |   165 |    70 ||   348

Table legend: (Time is in decaauts)
 A = Elapsed time spent in this place.
 B = Non-inter-level travel time spent in this place.
 C = Inter-level travel time spent in this place.
 D = Time resting spent in this place.
 E = Time spent auto-exploring this place.
 F = Levels seen in this place.
 G = Mean time per level.
                   A        B        C        D        E       F      G
               +--------+--------+--------+--------+--------+-----+--------+
         Total |  16554 |  15841 |    713 |   3418 |   9680 |  14 | 1182.4 |
       Dungeon |   9570 |   8875 |    695 |   1727 |   5386 |   8 | 1196.2 |
        Temple |     27 |     16 |     11 |      0 |      6 |   1 |   27.0 |
          Lair |   5154 |   5148 |      6 |   1145 |   3430 |   3 | 1718.0 |
         Sewer |   1042 |   1042 |      0 |    184 |    661 |   1 | 1042.0 |
       Ossuary |    759 |    759 |      0 |    362 |    196 |   1 |  759.0 |
               +--------+--------+--------+--------+--------+-----+--------+

Top non-repeatable levels by time:
  Lair:1: 2586 daAuts
  Lair:2: 1780 daAuts
     D:8: 1686 daAuts
     D:7: 1342 daAuts
     D:3: 1192 daAuts
     D:4: 1179 daAuts
     D:6: 1171 daAuts
     D:2: 1130 daAuts
   Sewer: 1042 daAuts
     D:5: 1000 daAuts
     D:1: 867 daAuts
  Lair:3: 787 daAuts
 Ossuary: 759 daAuts
  Temple: 27 daAuts
